 Dungeon Crawl Stone Soup version 0.28-a0-422-gd71735cc25 (webtiles) character file.

Game seed: 11038530337797558491

26 heikuro the Shield-Bearer (level 3, 29/29 HPs)
             Began as a Formicid Fighter on Sept 9, 2021.
             Was a Follower of Jiyva.
             Quit the game on level 2 of the Dungeon.
             The game lasted 00:01:10 (1000 turns).

heikuro the Shield-Bearer (Formicid Fighter)        Turns: 1000, Time: 00:01:11

Health: 29/29      AC:  6    Str: 21    XL:     3   Next: 22%
Magic:  3/3        EV:  9    Int:  7    God:    Jiyva [*.....]
Gold:   18         SH:  4    Dex: 10    Spells: 2/2 levels left

rFire   . . .      SeeInvis +   a - +0 long sword
rCold   . . .      Faith    .   c - +0 buckler
rNeg    + . .      Spirit   .   b - +0 scale mail
rPois   .          Reflect  .   (helmet unavailable)
rElec   .          Harm     .   (no cloak)
rCorr   .          Rampage  .   (no gloves)
Will    .....                   (no boots)
Stlth   ..........              (no amulet)
HPRegen 0.09/turn               f - ring of positive energy
MPRegen 0.08/turn               (no ring)

@: no status effects
A: permanent stasis, dig shafts and tunnels, antennae 3, four strong arms
a: Dig, Shaft Self, Renounce Religion, Request Jelly


You were on level 2 of the Dungeon.
You worshipped Jiyva.
Jiyva was aware of your devotion.
You visited 1 branch of the dungeon, and saw 2 of its levels.

You collected 18 gold pieces.

Inventory:

Hand Weapons
 a - a +0 long sword (weapon)
Armour
 b - a +0 scale mail (worn)
 c - a +0 buckler (worn)
Jewellery
 f - a ring of positive energy (left hand)
Scrolls
 g - 2 scrolls of immolation {unknown}
Potions
 d - a potion of might
 e - a potion of brilliance {unknown}
 h - a potion of lignification {unknown}
 i - 2 potions of degeneration {unknown}


   Skills:
 + Level 3.6 Fighting
 * Level 2.8 Long Blades
 + Level 3.6 Armour
 - Level 3.6 Shields


You had 2 spell levels left.
You didn't know any spells.
Your spell library contained the following spells:

 Spells                   Type           Power      Damage    Failure   Level
 Sublimation of Blood     Necr           0%         N/A       88%         2
 Petrify                  Tmut/Erth      0%         N/A       100%        4
 Irradiate                Conj/Tmut      0%         3d13      100%        5


Dungeon Overview and Level Annotations

Branches:
Dungeon (2/15)

Altars:
Jiyva


Innate Abilities, Weirdness & Mutations

You cannot be hasted, slowed, berserked, paralysed or teleported.
You can dig through walls and to a lower floor.
You have a pair of large antennae on your head. (SInv)
Your four strong arms can wield two-handed weapons with a shield.


Message History

The worm bites you.
You slash the worm!
You kill the worm!
You swing at nothing.
You start resting.
g - 2 scrolls labelled FEUBIO KUME (gained 1) HP restored.
You open the door.
There is an open door here.
A hobgoblin comes into view.
The hobgoblin shouts!
A hobgoblin is nearby!
The hobgoblin closely misses you.
You slash the hobgoblin!
You kill the hobgoblin!
No target in view!
You sense a monster nearby.
A goblin comes into view. It is wielding a +0 dagger.
You hit the goblin.
The goblin is heavily wounded.
The goblin barely misses you.
You barely miss the goblin.
The goblin is heavily wounded.
The goblin hits you but does no damage.
You hit the goblin.
You kill the goblin!
Found an escape hatch in the floor.
Things that are here:
a +0 dagger; a goblin corpse
There is an escape hatch in the floor here.
i - 2 purple potions
Found a faded altar of an unknown god.
You sense a monster nearby.
There is a faded altar of an unknown god here.
There is a faded altar of an unknown god here.
You cannot tell which god this altar belongs to.
Convert to them anyway?
Jiyva accepts your prayer! Jiyva welcomes you! Jiyva grants you a jelly!
You can now request a jelly.
Are you sure you want to abandon this character and quit the game? (Confirm with "yes".)

#.# ## ##.##### ..
#...... #. ....# #
#. ...###.#
#.##.#######.#.....
#.........§§§J.#
####.####.§@§### #.
##§.§####.# #.
###......# ..
#.###### ## #.# { {
#.# #.# #.# #######
.######.####
#......


You could see a neutral jelly (wandering) (fellow slime).

Vanquished Creatures
  A worm (D:2)
  6 endoplasms (D:1)
  A giant cockroach (D:1)
  4 goblins
  A hobgoblin (D:2)
  2 ball pythons (D:1)
  2 bats (D:1)
  2 kobolds (D:1)
19 creatures vanquished.

Notes
Turn   | Place    | Note
-------+----------+-------------------------------------------
     0 | D:1      | heikuro the Formicid Fighter began the quest for the Orb.
     0 | D:1      | Reached XP level 1. HP: 18/18 MP: 1/1
   299 | D:1      | Reached XP level 2. HP: 22/24 MP: 2/2
   645 | D:1      | Reached XP level 3. HP: 29/29 MP: 3/3
   975 | D:2      | Found a faded altar of an unknown god.
   999 | D:2      | Became a worshipper of Jiyva Jacraelo the Shapeless
   999 | D:2      | Reached * piety under Jiyva
  1000 | D:2      | Quit the game

Illustrated notes

Levels and vault maps discovered:
D:1:      elethiomel_arrival_infinity_welcomes_careful_drivers, layout_rooms
D:2:      layout_loops_corners, ebering_ecumenical_altar_mist,
          minmay_pentomino_pile

Action                   || total
-------------------------++-------
Melee: Long sword        ||    59
Armor: Scale mail        ||    28
Dodge: Dodged            ||    26
Block: Buckler           ||    17

Table legend: (Time is in decaauts)
 A = Elapsed time spent in this place.
 B = Non-inter-level travel time spent in this place.
 C = Inter-level travel time spent in this place.
 D = Time resting spent in this place.
 E = Time spent auto-exploring this place.
 F = Levels seen in this place.
 G = Mean time per level.
                   A        B        C        D        E       F      G
               +--------+--------+--------+--------+--------+-----+--------+
         Total |   1016 |    991 |     25 |    261 |    535 |   2 |  508.0 |
       Dungeon |   1016 |    991 |     25 |    261 |    535 |   2 |  508.0 |
               +--------+--------+--------+--------+--------+-----+--------+

Top non-repeatable levels by time:
     D:1: 809 daAuts
     D:2: 206 daAuts
